 Dungeon Crawl Stone Soup version 0.26-a0-1184-g95e395e029 (webtiles) character file.

Game seed: 15146117782639748584

3809 uibert the Arsonist (level 9, -2/65 HPs)
             Began as a Demonspawn Fire Elementalist on Dec 27, 2020.
             Was a Believer of Vehumet.
             Slain by a polar bear (3 damage)
             ... on level 8 of the Dungeon.
             The game lasted 00:47:08 (12094 turns).

uibert the Arsonist (Demonspawn Fire Elementalist) Turns: 12094, Time: 00:47:09

Health: -2/65      AC: 10    Str:  9    XL:     9   Next: 96%
Magic:  18/24      EV: 14    Int: 18    God:    Vehumet [**....]
Gold:   708        SH:  0    Dex: 15    Spells: 6/16 levels left

rFire    . . .     SeeInvis .   d - +6 great sword of Calamity {freeze, Will+ Stlth+}
rCold    . . .     Faith    .   (shield currently unavailable)
rNeg     . . .     Spirit   .   a - +0 robe
rPois    .         Reflect  .   (helmet restricted)
rElec    .         Harm     .   b - +1 cloak
rCorr    .         Rampage  .   (no gloves)
Will     +....                  (no boots)
Stlth    +++.......             (no amulet)
HPRegen  0.20/turn              n - +4 ring of protection
MPRegen  0.19/turn              K - ring of magical power

@: no status effects
A: antennae 1, iridescent scales 1, demonic guardian 1
a: Renounce Religion


You were on level 8 of the Dungeon.
You worshipped Vehumet.
Vehumet was pleased with you.
You visited 2 branches of the dungeon, and saw 9 of its levels.

You collected 708 gold pieces.

Inventory:

Hand Weapons
 d - the +6 great sword of Calamity (weapon) {freeze, Will+ Stlth+}
   (You found it on level 8 of the Dungeon)

   It has been specially enchanted to freeze those struck by it, causing extra
   injury to most foes and up to half again as much damage against particularly
   susceptible opponents.
   It can also slow down cold-blooded creatures.
   It affects your willpower, your defense against some magical effects.
   It makes you more stealthy.
 l - a +2 dagger of venom
 v - a +2 hunting sling of flaming
Missiles
 i - 23 poisoned darts (quivered)
 A - 69 sling bullets
Armour
 a - a +0 robe (worn)
 b - a +1 cloak (worn)
 h - a +2 helmet
 B - a +3 leather armour of willpower
Jewellery
 j - a +6 ring of strength
 n - a +4 ring of protection (left hand)
 s - an uncursed ring of stealth
 K - a ring of magical power (right hand)
Wands
 f - a wand of iceblast (18)
 o - a wand of flame (17)
 C - a wand of random effects (18)
 E - a wand of disintegration (11)
Scrolls
 e - 7 scrolls of remove curse
 g - 2 scrolls of amnesia
 m - 5 scrolls of fear
 u - 3 scrolls of fog
 w - a scroll of enchant weapon
 x - 4 scrolls of blinking
 y - 2 scrolls of teleportation
 F - a scroll of summoning
 G - a scroll of random uselessness {unknown}
Potions
 c - a potion of lignification
 k - a potion of heal wounds
 p - a potion of attraction
 q - a potion of invisibility {unknown}
 r - 5 potions of curing {unknown}
 t - a potion of haste {unknown}
 z - a potion of resistance {unknown}
 D - a potion of mutation {unknown}
 H - a potion of brilliance {unknown}
 I - a potion of degeneration {unknown}
 J - a potion of might {unknown}


   Skills:
 + Level 4.0 Fighting
 + Level 4.2 Dodging
 - Level 1.7 Stealth
 + Level 4.3 Spellcasting
 + Level 4.2 Conjurations
 * Level 10.1 Fire Magic
 + Level 4.1 Evocations


You had 6 spell levels left.
You knew the following spells:

 Your Spells              Type           Power        Failure   Level
a - Foxfire               Conj/Fire      100%         1%          1
b - Sticky Flame          Conj/Fire      29%          8%          4
c - Fireball              Conj/Fire      14%          21%         5

Your spell library contained the following spells:

 Spells                   Type           Power        Failure   Level
 Ignite Poison            Fire/Tmut/Pois 16%          11%         3
 Conjure Flame            Conj/Fire      29%          2%          3
 Inner Flame              Hex/Fire       22%          5%          3
 Beastly Appendage        Tmut           6%           14%         1
 Wereblood                Tmut           3%           22%         2
 Spider Form              Tmut/Pois      1%           41%         3
 Ice Form                 Ice/Tmut       3%           82%         4
 Blade Hands              Tmut           1%           99%         5


Dungeon Overview and Level Annotations

Branches:
Dungeon (8/15)             Temple (1/1) D:4
   Lair: D:8-11

Altars:
Ashenzari
Cheibriados
Dithmenos
Elyvilon
Fedhas
Gozag
Hepliaklqana
Kikubaaqudgha
Makhleb
Nemelex Xobeh
Okawaru
Qazlal
Ru
Sif Muna
Trog
Uskayaw
Vehumet
Wu Jian
Xom
Yredelemnul
Zin
The Shining One

Shops:
D:3 *   D:4 !


Innate Abilities, Weirdness & Mutations

You have a pair of small antennae on your head.
You are partially covered in iridescent scales. (AC +2)
A weak demonic guardian rushes to your aid.


Message History

The polar bear claws you but does no damage.
The polar bear goes berserk!
You slash the polar bear!
The polar bear is almost dead.
The polar bear bites you!! The polar bear barely misses you.
The polar bear closely misses you. The polar bear misses you.
The polar bear closely misses you. x2; The polar bear bites you!!
The polar bear closely misses you. The polar bear barely misses you.
Casting: Foxfire (safe; 1% risk of failure)
Confirm with . or Enter, or press ? or * to list all spells.
Aiming: Sticky Flame (dangerous; 8% risk of failure)
Press: ? - help, Shift-Dir - straight line, f - polar bear
Aim: a polar bear (almost dead, berserk, 0% to evade)
The sticky flame hits the polar bear.
The polar bear is almost dead.
The polar bear is covered in liquid flames!
The polar bear burns!
The polar bear bites you!!
* * * LOW HITPOINT WARNING * * *
The polar bear closely misses you. The polar bear claws you.
You die...

#......# # #......#.#
#..#...#.# #.....<..###
##.#........ # +........
################........
...............'.h..>...
######.#########@.......
...................#+#+.
######.############# #
#.# # #.# ## #.# .# #.#
.# #.# .## #.#


You could see a polar bear (berserk, burning).

Vanquished Creatures
  A wyvern (D:7)
  A water moccasin (D:7)
  An orc warrior (D:7)
  A sky beast (D:5)
  3 ice beasts
  A black bear (D:6)
  2 ogres
  A wolf (D:8)
  A necrophage (D:7)
  4 centaurs
  A big kobold (D:5)
  5 bullfrogs
  A scorpion (D:8)
  4 wights (D:8)
  An electric eel (D:8)
  A centaur zombie (D:7)
  A howler monkey (D:7)
  A crimson imp (D:5)
  A bullfrog skeleton (D:4)
  4 hounds
  A quasit (D:7)
  2 orc priests
  3 jellies
  7 orc wizards
  Ijyb (D:3)
  3 iguanas
  6 worker ants
  A centaur simulacrum (D:8)
  A hound zombie (D:5)
  2 hound skeletons
  Robin (D:2)
  3 gnolls (D:5)
  9 adders
  A white imp (D:7)
  A worker ant simulacrum (D:8)
  2 ufetubi
  An ooze (D:2)
  An adder zombie (D:7)
  3 dart slugs
  4 worms
  13 leopard geckos
  19 orcs
  2 ball pythons (D:3)
  3 giant cockroaches
  2 gnoll zombies (D:3)
  21 goblins
  15 hobgoblins
  13 jackals
  8 quokkas
  5 bats
  4 frilled lizards
  A jackal skeleton (D:4)
  9 kobolds
  A leopard gecko simulacrum (D:8)
  4 rats
209 creatures vanquished.

Vanquished Creatures (collateral kills)
  Joseph (D:7)
  Edmund (D:4)
  A sky beast (D:6)
  A phantom (D:5)
  A centaur (D:6)
  A bullfrog (D:6)
  A quasit (D:7)
  2 adders (D:2)
  A white imp (D:8)
  2 orcs (D:6)
  A giant cockroach (D:7)
  A kobold (D:5)
  4 foxfires (D:1)
18 creatures vanquished.

Vanquished Creatures (others)
  674 foxfires
  17 plants
691 creatures vanquished.

Grand Total: 918 creatures vanquished

Notes
Turn   | Place    | Note
-------+----------+-------------------------------------------
     0 | D:1      | uibert the Demonspawn Fire Elementalist began the quest for
                  | the Orb.
     0 | D:1      | Reached XP level 1. HP: 13/13 MP: 3/3
    75 | D:1      | Reached skill level 3 in Fire Magic
   332 | D:1      | Gained mutation: A weak demonic guardian rushes to your
                  | aid. [demonic ancestry]
   332 | D:1      | Reached XP level 2. HP: 16/19 MP: 0/5
   974 | D:2      | Reached XP level 3. HP: 17/24 MP: 0/6
  1147 | D:2      | Reached skill level 4 in Fire Magic
  1228 | D:2      | Found an iron altar of Okawaru.
  1229 | D:2      | Found a broken altar of Ashenzari.
  1230 | D:2      | Found a white marble altar of Elyvilon.
  1577 | D:2      | Noticed Robin
  1698 | D:2      | Killed Robin
  1706 | D:2      | Reached XP level 4. HP: 17/30 MP: 1/7
  2373 | D:3      | Learned a level 4 spell: Sticky Flame
  2887 | D:3      | Found Zin's Purification Station.
  2896 | D:3      | Found a glowing silver altar of Zin.
  2918 | D:3      | Reached skill level 5 in Fire Magic
  3520 | D:3      | Found a basalt altar of Yredelemnul.
  3665 | D:3      | Reached XP level 5. HP: 35/35 MP: 5/8
  3868 | D:3      | Noticed Ijyb
  4017 | D:3      | Killed Ijyb
  4413 | D:4      | Noticed Edmund
  4434 | D:4      | Killed Edmund
  4435 | D:4      | Reached skill level 6 in Fire Magic
  4435 | D:4      | Reached XP level 6. HP: 18/35 MP: 7/9
  4875 | D:4      | Found Pukisk's Distillery.
  4911 | D:4      | Reached skill level 7 in Fire Magic
  5688 | D:4      | Gained mutation: You are partially covered in iridescent
                  | scales. (AC +2) [demonic ancestry]
  5688 | D:4      | Reached XP level 7. HP: 46/46 MP: 2/10
  5720 | D:4      | Found a staircase to the Ecumenical Temple.
  5726 | Temple   | Entered the Ecumenical Temple
  5855 | Temple   | Became a worshipper of Vehumet
  6067 | D:5      | Entered Level 5 of the Dungeon
  6098 | D:5      | Learned a level 5 spell: Fireball
  6274 | D:5      | Reached skill level 8 in Fire Magic
  6901 | D:5      | Found a burning altar of Makhleb.
  7019 | D:5      | Reached * piety under Vehumet
  7019 | D:5      | Offered knowledge of Freeze by Vehumet.
  7526 | D:6      | Reached skill level 1 in Evocations
  7526 | D:6      | Gained mutation: You have a pair of small antennae on your
                  | head. [demonic ancestry]
  7526 | D:6      | Reached XP level 8. HP: 53/53 MP: 7/11
  7528 | D:6      | Reached skill level 1 in Fighting
  8350 | D:6      | Reached skill level 9 in Fire Magic
  9191 | D:7      | Reached ** piety under Vehumet
  9246 | D:7      | Offered knowledge of Sandblast by Vehumet.
  9609 | D:7      | Noticed Joseph
  9612 | D:7      | Reached XP level 9. HP: 58/62 MP: 7/13
  9623 | D:7      | Killed Joseph
 10841 | D:8      | Got a masterwork great sword
 10842 | D:8      | Identified the +6 great sword of Calamity {freeze, Will+
                  | Stlth+} (You found it on level 8 of the Dungeon)
 10981 | D:8      | Offered knowledge of Ignite Poison by Vehumet.
 10982 | D:8      | Reached skill level 10 in Fire Magic
 11796 | D:8      | Noticed a polar bear
 12094 | D:8      | HP: 1/65 [polar bear (22)]
 12094 | D:8      | Slain by a polar bear

Illustrated notes

Levels and vault maps discovered:
D:1:      mrwooster_arrival_statue_2, layout_rooms, serial_forest,
          infiniplex_forest_straight_2, infiniplex_forest_clump_curved,
          infiniplex_forest_fountain, infiniplex_forest_lined_corner,
          infiniplex_forest_clump_double, infiniplex_forest_lined_room_2,
          infiniplex_forest_clump_long, infiniplex_forest_lined_room_2,
          infiniplex_forest_clump_tiny, infiniplex_forest_clump_cross
D:2:      layout_rooms, minitemple, uniq_robin
D:3:      kennysheep_goblin_castle, layout_basic, zin_purify,
          lemuel_zombie_altar_yredelemnul
D:4:      layout_loops_cross, minmay_temple_entry_fiery, serial_shops,
          shop_statue, serial_bayou_ford_a, uniq_edmund
D:5:      wad_lake_hut, layout_gridville, makhleb_grotto_becter, abandoned_shop,
          sigmund_army
D:6:      layout_basic
D:7:      layout_cave_pods, grunt_potential, uniq_joseph
D:8:      layout_basic, serial_ice, serial_ice_b, serial_ice_g, serial_ice_m,
          serial_ice_i, minmay_crystal_water, nicolae_straight_to_the_point
Temple:   regret_index_temple_sphere_string

Skill      XL: |  1  2  3  4  5  6  7  8  9 |
---------------+----------------------------+-----
Fire Magic     | 3 4 5 6 7 8 9 10 | 10.1
Dodging        | 2 3 4 |  4.2
Evocations     | 1 2 4 |  4.1
Fighting       | 2 4 |  4.0
Conjurations   | 2 4 |  4.2
Spellcasting   | 3 4 |  4.3
Stealth        | |  1.7

Action                   |  1- 3 |  4- 6 |  7- 9 || total
-------------------------+-------+-------+-------++-------
Melee: Unarmed           |    40 |       |       ||    40
       Dagger            |    19 |    76 |   163 ||   258
       Long sword        |       |    55 |    19 ||    74
       Great sword       |       |       |    20 ||    20
 Cast: Foxfire           |    60 |   133 |   257 ||   450
       Sticky Flame      |       |     1 |    14 ||    15
  Use: Scroll            |       |     6 |     6 ||    12
 Stab: Sleeping          |       |     3 |     1 ||     4
       Distracted        |       |       |     2 ||     2
Armor: Robe              |     7 |    50 |    89 ||   146
Dodge: Dodged            |    44 |   111 |   150 ||   305
       Rpst.: Long sword |       |     8 |     7 ||    15
       Great sword       |       |       |     6 ||     6

Table legend: (Time is in decaauts)
 A = Elapsed time spent in this place.
 B = Non-inter-level travel time spent in this place.
 C = Inter-level travel time spent in this place.
 D = Time resting spent in this place.
 E = Time spent auto-exploring this place.
 F = Levels seen in this place.
 G = Mean time per level.
                   A        B        C        D        E       F      G
               +--------+--------+--------+--------+--------+-----+--------+
         Total |  12202 |  10730 |   1472 |   3052 |   4192 |   9 | 1355.8 |
       Dungeon |  12021 |  10560 |   1461 |   3052 |   4025 |   8 | 1502.6 |
        Temple |    180 |    169 |     11 |      0 |    167 |   1 |  180.0 |
               +--------+--------+--------+--------+--------+-----+--------+

Top non-repeatable levels by time:
     D:5: 1843 daAuts
     D:3: 1679 daAuts
     D:4: 1664 daAuts
     D:2: 1619 daAuts
     D:7: 1534 daAuts
     D:8: 1531 daAuts
     D:6: 1193 daAuts
     D:1: 955 daAuts
  Temple: 180 daAuts
